 Dungeon Crawl Stone Soup version 0.30-a0-824-g6c64550be9 (webtiles) character file.

Game seed: 9545873883287505910

345 hikkokomori the Sneak (level 6, 0/48 HPs)
             Began as a Demigod Fire Elementalist on Feb 28, 2023.
             Shot with an arrow by a centaur (6 damage)
             ... on level 5 of the Dungeon.
             The game lasted 00:08:12 (3729 turns).

hikkokomori the Sneak (Demigod Fire Elementalist)   Turns: 3729, Time: 00:08:13

Health: 0/48       AC:  5    Str: 17    XL:     6   Next: 10%
Magic:  11/11      EV: 12    Int: 24    God:
Gold:   80         SH:  0    Dex: 19    Spells: 4/8 levels left

rFire   + . .      SeeInvis .    f - +9 war axe of Kish {vamp, *Corrode rF+ Int+3 Dex+3}
rCold   . . .      Faith    .    (no shield)
rNeg    + . .      Spirit   .    r - +2 robe of Savvapax {Str+4 Dex+2}
rPois   .          Reflect  .    (no helmet)
rElec   .          Harm     .    (no cloak)
rCorr   +          Rampage  .    (no gloves)
Will    .....                    d - +0 pair of boots
Stlth   +++                      (no amulet)
HPRegen 0.28/turn                j - ring of resist corrosion
MPRegen 0.12/turn                o - ring of positive energy

@: no status effects
A: high MP 1, forlorn, divine attributes
a: no special abilities


You were on level 5 of the Dungeon.
You visited 1 branch of the dungeon, and saw 5 of its levels.

You collected 211 gold pieces.
You spent 131 gold pieces at shops.

Inventory:

Hand Weapons
 c - a +0 dagger
 f - the +9 war axe of Kish (weapon) {vamp, *Corrode rF+ Int+3 Dex+3}
   (You found it on level 3 of the Dungeon)

   Int:       It affects your intelligence (+3).
   Dex:       It affects your dexterity (+3).
   rF:        It protects you from fire.
   *Corrode:  It may corrode you when you take damage.
Armour
 a - a +0 robe
 d - a +0 pair of boots (worn)
 r - the +2 robe of Savvapax (worn) {Str+4 Dex+2}
   (You bought it in a shop on level 4 of the Dungeon)

   Str:       It affects your strength (+4).
   Dex:       It affects your dexterity (+2).
Jewellery
 j - a ring of resist corrosion (left hand)
 o - a ring of positive energy (right hand)
 p - a ring of positive energy
Scrolls
 i - a scroll of teleportation {unknown}
 l - a scroll of identify
 m - a scroll of acquirement {unknown}
 s - a scroll of enchant weapon {unknown}
Potions
 b - a potion of magic
 e - a potion of degeneration
 g - 2 potions of curing
 h - a potion of brilliance {unknown}
 k - 4 potions of flight
 n - a potion of haste {unknown}
 q - a potion of might {unknown}
 t - a potion of invisibility {unknown}


   Skills:
 + Level 2.1 Fighting
 + Level 1.6 Axes
 - Level 1.8 Dodging
 + Level 3.3 Stealth
 - Level 1.8 Spellcasting
 + Level 2.5 Conjurations
 - Level 3.1 Fire Magic
 + Level 1.7 Air Magic
 + Level 1.6 Poison Magic


You had 4 spell levels left.
You knew the following spells:

 Your Spells              Type           Power      Damage    Failure   Level
a - Foxfire               Conj/Fire      60%        2x1d7     3%          1
b - Mephitic Cloud        Conj/Pois/Air  11%        N/A       16%         3

Your spell library contained the following spells:

 Spells                   Type           Power      Damage    Failure   Level
 Scorch                   Fire           34%        2d7       5%          2
 Freeze                   Ice            8%         1d3       12%         1
 Lesser Beckoning         Tloc           4%         N/A       19%         2
 Inner Flame              Hex/Fire       9%         N/A       19%         3
 Kindle Blastsparks       Fire/Tloc/Air  18%        2d11      19%         3
 Hailstorm                Conj/Ice       8%         3d4       22%         3
 Frozen Ramparts          Ice            4%         1d1       36%         3
 Gell's Gravitas          Tloc           2%         N/A       36%         3
 Teleport Other           Tloc           2%         N/A       36%         3
 Flame Wave               Conj/Fire      15%        2d7       36%         4
 Lightning Bolt           Conj/Air       6%         1d18      80%         5


Dungeon Overview and Level Annotations

Branches:
Dungeon (5/15)             Temple (0/1) D:4

Shops:
D:2 [   D:4 [


Innate Abilities, Weirdness & Mutations

You have an increased reservoir of magic. (+10% MP)
You shall have no god before yourself.
Your divine heritage dramatically boosts your attributes as you level up.


Message History

The ufetubus shouts!
The centaur shouts!
You hear an angry hiss.
Found 10 gold pieces and 3 stones.
Found an escape hatch in the ceiling.
There is a stone staircase leading up here.
There are monsters nearby!
A sky beast comes into view.
Found a scroll labelled LOM LOUH KULUS and a potion of curing.
You barely miss the ufetubus. The ufetubus barely misses you. x2
The centaur wields a +0 shortbow.
The centaur shoots an arrow.
The arrow closely misses you. The ufetubus closely misses you. x2
You barely miss the ufetubus. The ufetubus barely misses you.
The ufetubus hits you but does no damage. x2
The ufetubus barely misses you.
The centaur shoots an arrow.
The arrow hits you.
An adder comes into view.
You slash the ufetubus!
You kill the ufetubus!
The centaur shoots an arrow.
The arrow closely misses you.
The centaur shoots an arrow.
The arrow barely misses you.
There is a stone staircase leading up here.
The centaur shoots an arrow.
The arrow barely misses you.
An ice beast comes into view.
The sky beast misses you.
The centaur shoots an arrow.
The arrow hits you.
You hit the sky beast.
You feel better.
The sky beast is moderately wounded.
The centaur shoots an arrow.
The arrow hits you!
The sky beast hits you but does no damage.
The adder barely misses you.
The centaur shoots an arrow.
The arrow closely misses you. The sky beast hits you. The sky beast shocks you.
You closely miss the sky beast.
The sky beast is lightly wounded.
You hit the adder. The adder bites you but does no damage.
The centaur shoots an arrow.
The arrow hits you. The adder bites you but does no damage.
The centaur shoots an arrow.
The arrow misses you. The sky beast hits you. The sky beast shocks you.
The centaur shoots an arrow.
The arrow hits you!
* * * LOW HITPOINT WARNING * * *
The adder bites you but does no damage.
The sky beast flickers out of sight!
Deactivating autopickup; reactivate with Ctrl-A.
The centaur shoots an arrow.
The arrow hits you.
You die...

## .#
?#####
.#...##
......#
##.......
##S...(...
#@.{......
#.....$...
#.........
#..Y.c....
..........
#.........!
#..........
.##....<...


You could see an ice beast, a centaur and an adder.

Vanquished Creatures
  A water moccasin (D:4)
  A necrophage (D:4)
  A hound (D:4)
  An iguana (D:4)
  3 adders
  2 ufetubi
  2 worms
  A dart slug (D:2)
  An orc (D:4)
  6 ball pythons
  4 bats
  8 endoplasms
  5 giant cockroaches
  9 hobgoblins
  4 jackals (D:1)
  4 quokkas
  2 frilled lizards
  9 goblins
  7 kobolds
  3 rats
74 creatures vanquished.

Vanquished Creatures (others)
  87 foxfires
87 creatures vanquished.

Grand Total: 161 creatures vanquished

Notes
Turn   | Place    | Note
-------+----------+-------------------------------------------
     0 | D:1      | hikkokomori the Demigod Fire Elementalist began the quest
                  | for the Orb.
     0 | D:1      | Reached XP level 1. HP: 14/14 MP: 5/5
   154 | D:1      | Got the Vellum of the Eleven Servitors
   197 | D:1      | Reached skill level 1 in Conjurations
   479 | D:1      | Reached XP level 2. HP: 22/22 MP: 4/7
  1109 | D:2      | Found Talekk's Armour Shoppe.
  1188 | D:2      | Reached skill level 1 in Fighting
  1188 | D:2      | Reached XP level 3. HP: 28/28 MP: 5/8
  1367 | D:2      | Learned a level 3 spell: Mephitic Cloud
  2468 | D:3      | Identified the +9 war axe of Kish {vamp, *Corrode rF+ Int+3
                  | Dex+3}
  2690 | D:3      | Reached XP level 4. HP: 35/35 MP: 9/9
  3083 | D:4      | Found a staircase to the Ecumenical Temple.
  3149 | D:4      | Reached skill level 1 in Air Magic
  3149 | D:4      | Reached skill level 1 in Poison Magic
  3159 | D:4      | Reached skill level 1 in Axes
  3192 | D:4      | Reached XP level 5. HP: 40/40 MP: 10/10
  3325 | D:4      | Found Roitt's Antique Armour Emporium.
  3348 | D:4      | Bought an ichor-stained robe for 131 gold pieces
  3348 | D:4      | Identified the +2 robe of Savvapax {Str+4 Dex+2} (You
                  | bought it in a shop on level 4 of the Dungeon)
  3597 | D:4      | Noticed a water moccasin
  3621 | D:4      | Killed a water moccasin
  3622 | D:4      | Reached XP level 6. HP: 48/48 MP: 6/11
  3720 | D:5      | Entered Level 5 of the Dungeon
  3729 | D:5      | Shot with an arrow by a centaur

Illustrated notes

Levels and vault maps discovered:
D:1:      doesnt_arrival_eight_statues, layout_loops_ring,
          ebering_ecumenical_altar_petrified
D:2:      layout_loops_corners, serial_shops, shop
D:3:      layout_basic
D:4:      layout_rooms, mainiacjoe_overflow_large_starburst,
          minmay_temple_entry_offerings, serial_shops, shop_statue,
          amethyst_killhole, supply_closet_lemuel
D:5:      layout_cave_pods

Skill      XL: |  1  2  3  4  5 |
---------------+----------------+-----
Conjurations   | 1 2 |  2.5
Stealth        | 2 3 |  3.3
Fire Magic     | 3 |  3.1
Fighting       | 1 2 |  2.1
Air Magic      | 1 |  1.7
Poison Magic   | 1 |  1.6
Axes           | 1 |  1.6
Dodging        | |  1.8
Spellcasting   | |  1.8

Action                     |  1- 3 |  4- 6 || total
---------------------------+-------+-------++-------
  Melee: Dagger            |   127 |       ||   127
         Punch             |     1 |       ||     1
         War axe           |    14 |    49 ||    63
   Cast: Foxfire           |    62 |     5 ||    67
    Use: Scroll            |     5 |       ||     5
   Stab: Sleeping          |     3 |     1 ||     4
 Armour: Robe              |    32 |    15 ||    47
  Dodge: Dodged            |    92 |    36 ||   128

Table legend: (Time is in decaauts)
 A = Elapsed time spent in this place.
 B = Non-inter-level travel time spent in this place.
 C = Inter-level travel time spent in this place.
 D = Time resting spent in this place.
 E = Time spent auto-exploring this place.
 F = Levels seen in this place.
 G = Mean time per level.
                   A        B        C        D        E       F      G
               +--------+--------+--------+--------+--------+-----+--------+
         Total |   3755 |   3660 |     95 |      0 |   2995 |   5 |  751.0 |
       Dungeon |   3755 |   3660 |     95 |      0 |   2995 |   5 |  751.0 |
               +--------+--------+--------+--------+--------+-----+--------+

Top non-repeatable levels by time:
     D:2: 1166 daAuts
     D:3: 1050 daAuts
     D:1: 874 daAuts
     D:4: 653 daAuts
     D:5: 11 daAuts
